 Dungeon Crawl Stone Soup version 0.31.0-32-g396128a36d (webtiles) character file.

Game seed: 2695541358637264545

1716 H0rd4k the Martial Artist (level 9, -2/57 HPs)
             Began as an Octopode Artificer on Mar 19, 2024.
             Slain by an ice beast (8 damage)
             ... on level 7 of the Dungeon.
             The game lasted 00:05:00 (5756 turns).

H0rd4k the Martial Artist (Octopode Artificer)      Turns: 5756, Time: 00:05:01

Health: -2/57      AC:  1    Str: 12    XL:     9   Next: 4%
Magic:  9/9        EV: 13    Int: 23    God:
Gold:   344        SH:  0    Dex: 12    Spells: 8/8 levels left

rFire   . .          .
                       - Unarmed
rCold   . . .        (no shield)
rNeg    . . .        w - +0 hat
rPois   +            r - amulet of the acrobat
rElec   .            j - ring of resist corrosion
rCorr   +            m - ring of poison resistance
SInv    .            x - +6 ring of intelligence
Will    .....        (no ring)
Stlth   +++          (no ring)
HPRegen 0.29/turn    (no ring)
MPRegen 0.11/turn    (no ring)
                     (no ring)

%: acrobat
@: no status effects
A: almost no armour, amphibious, 8 rings, camouflage 1, gelatinous body 1,
(nimble swimmer 1), tentacles
a: no special abilities


You were on level 7 of the Dungeon.
You visited 1 branch of the dungeon, and saw 7 of its levels.

You collected 344 gold pieces.

Inventory:

Hand Weapons
 u - the +0 spear of Monlux {freeze, rPois rCorr MP+9}
   (You found it on level 4 of the Dungeon)

   rPois:     It protects you from poison MP+9: It affects your magic capacity
   (+9).
   rCorr:     It protects you from acid and corrosion.
Missiles
 k - 14 poisoned darts
Armour
 w - a +0 hat (worn)
Jewellery
 j - a ring of resist corrosion (left tentacle)
 m - a ring of poison resistance (right tentacle)
 r - an amulet of the acrobat (around mantle)
 x - a +6 ring of intelligence (on tentacle)
Talismans
 B - a maw talisman
Wands
 b - a wand of flame (1) (quivered)
 c - a wand of charming (10)
 d - a wand of iceblast (3)
 y - a wand of digging (6)
Scrolls
 g - a scroll of torment {unknown}
 i - a scroll of summoning {unknown}
 l - a scroll of enchant weapon {unknown}
 o - a scroll of identify {unknown}
 p - 2 scrolls of teleportation {unknown}
 s - a scroll of enchant armour {unknown}
 z - a scroll of fog {unknown}
 A - a scroll of revelation {unknown}
 C - a scroll of blinking {unknown}
Potions
 a - a potion of attraction {unknown}
 e - 2 potions of heal wounds
 f - 2 potions of cancellation
 h - 2 potions of berserk rage {unknown}
 n - a potion of enlightenment {unknown}
 q - a potion of brilliance {unknown}
 t - 2 potions of curing {unknown}
 v - 2 potions of degeneration {unknown}
 D - a potion of lignification {unknown}


   Skills:
 + Level 3.6 Fighting
 - Level 2.3 Dodging
 - Level 1.3 Stealth
 + Level 10.6 Unarmed Combat
 - Level 3.2 Evocations


You had 8 spell levels left.
You didn't know any spells.
Your spell library contained the following spells:

 Spells                   Type           Power      Damage    Failure   Level
 Apportation              Tloc           0%         N/A       16%         1
 Magic Dart               Conj           0%         1d3       16%         1
 Summon Small Mammal      Summ           0%         N/A       16%         1
 Jinxbite                 Hex            0%         N/A       24%         2
 Searing Ray              Conj           0%         2d4       24%         2
 Call Canine Familiar     Summ           0%         N/A       43%         3
 Dazzling Flash           Conj/Hex       0%         N/A       43%         3
 Mephitic Cloud           Conj/Alch/Air  0%         N/A       43%         3
 Volatile Blastmotes      Fire/Tloc      0%         2d10      43%         3
 Fulminant Prism          Conj/Alch      0%         3d5       83%         4
 Iskenderun's Mystic Bla  Conj/Tloc      0%         2d3       83%         4
 Summon Blazeheart Golem  Fire/Summ      0%         N/A       83%         4
 Alistair's Intoxication  Alch           0%         N/A       99%         5
 Curse of Agony           Necr           0%         N/A       99%         5
 Silence                  Hex/Air        0%         N/A       99%         5


Dungeon Overview and Level Annotations

Branches:
Dungeon (7/15)
 Temple: D:4-7

Altars:
Ashenzari
Elyvilon
Kikubaaqudgha
Nemelex Xobeh
Okawaru
Qazlal
Ru
Trog
Xom
The Shining One

Annotations:
D:6 2 transporters


Innate Abilities, Weirdness & Mutations

You cannot wear most types of armour.
You are amphibious.
You can wear up to eight rings at the same time.
Your skin changes colour to match your surroundings (Stealth+).
Your rubbery body absorbs attacks. (AC +1, EV +1)
((You are camouflaged when in or above water. (Stealth+)))
You have tentacles for arms and can constrict up to eight enemies at once.


Message History

You constrict the kobold brigand, but do no damage.
The kobold hits you with a +0 short sword.
The kobold brigand hits you with a +0 dagger.
You tentacle-slap the kobold brigand.
You kill the kobold brigand!
The kobold closely misses you.
You tentacle-slap the ice beast but do no damage.
You bludgeon the ice beast!
The ice beast is heavily wounded.
The ice beast hits you. The ice beast freezes you!
The kobold hits you with a +0 short sword.
You are too injured to fight recklessly!
You barely miss the kobold. You grab the kobold.
Your tentacle-slap misses the kobold.
You constrict the kobold. The ice beast barely misses you.
The kobold hits you with a +0 short sword.
You bludgeon the kobold!
You kill the kobold!
The ice beast hits you. The ice beast freezes you.
You tentacle-slap the ice beast.
Your tentacle-slap misses the ice beast.
You squeeze the ice beast.
The ice beast is severely wounded.
The ice beast misses you.
You tentacle-slap the ice beast.
The ice beast is almost dead.
You tentacle-slap the ice beast but do no damage.
The ice beast is almost dead.
The ice beast hits you. The ice beast freezes you!
* * * LOW HITPOINT WARNING * * *
You tentacle-slap the ice beast.
You tentacle-slap the ice beast, but do no damage.
The ice beast is almost dead.
The ice beast closely misses you.
You closely miss the ice beast.
The ice beast is almost dead.
The ice beast hits you.
* * * LOW HITPOINT WARNING * * *
The ice beast freezes you!
You die...

..##. #... #..#
#.<# #..#
.######†##
.........# .##
.....##..#####.....
###........@YKK....
#........)#K.....
#<........# .....
#######...# ....
#...# ... #...# ..
#...# . #...#


You could see an ice beast and 3 kobolds.

Vanquished Creatures
  Eustachio (D:4)
  2 water moccasins
  2 ice beasts
  2 sky beasts (D:6)
  An ogre (D:5)
  A centaur (D:5)
  A kobold brigand (D:7)
  A scorpion (D:6)
  2 howler monkeys (D:6)
  2 bombardier beetles (D:6)
  3 hounds
  A gnoll bouda (D:5)
  A jelly (D:4)
  2 sleepcaps
  3 iguanas
  8 gnolls
  9 adders
  A shadow imp (D:6)
  3 dart slugs
  2 ribbon worms (D:2)
  An orc (D:3)
  3 endoplasms
  4 giant cockroaches
  8 goblins
  9 hobgoblins
  6 jackals
  11 kobolds
  A quokka (D:2)
  6 ball pythons
  5 bats
  2 frilled lizards
  8 rats
112 creatures vanquished.

Vanquished Creatures (collateral kills)
  A jelly (D:5)
  A hound (D:6)
2 creatures vanquished.

Grand Total: 114 creatures vanquished

Notes
Turn   | Place    | Note
-------+----------+-------------------------------------------
     0 | D:1      | H0rd4k the Octopode Artificer began the quest for the Orb.
     0 | D:1      | Reached XP level 1. HP: 13/13 MP: 1/1
   217 | D:1      | Reached skill level 1 in Unarmed Combat
   236 | D:1      | Reached XP level 2. HP: 17/18 MP: 2/2
   503 | D:1      | Reached skill level 2 in Unarmed Combat
   708 | D:2      | Reached XP level 3. HP: 20/23 MP: 3/3
  1037 | D:2      | Found a sacrificial altar of Ru.
  1200 | D:2      | Reached skill level 3 in Unarmed Combat
  1651 | D:3      | Reached XP level 4. HP: 26/29 MP: 4/4
  1693 | D:3      | Found a stormy altar of Qazlal.
  1958 | D:3      | Found a sacrificial altar of Ru.
  2217 | D:3      | Found an ancient bone altar of Kikubaaqudgha.
  2366 | D:3      | Found a bloodstained altar of Trog.
  2452 | D:4      | Noticed Eustachio
  2463 | D:4      | Killed Eustachio
  2464 | D:4      | Reached skill level 5 in Unarmed Combat
  2464 | D:4      | Reached XP level 5. HP: 20/34 MP: 5/5
  2464 | D:4      | Reached XP level 6. HP: 23/39 MP: 6/6
  2550 | D:4      | Identified the +0 spear of Monlux {freeze, rPois rCorr
                  | MP+9}
  3191 | D:4      | Reached skill level 6 in Unarmed Combat
  3390 | D:5      | Entered Level 5 of the Dungeon
  3422 | D:5      | Noticed an ice beast
  3430 | D:5      | Killed an ice beast
  3431 | D:5      | Reached XP level 7. HP: 27/45 MP: 7/7
  3505 | D:5      | Found an iron altar of Okawaru.
  3570 | D:5      | Found a sparkling altar of Nemelex Xobeh.
  3599 | D:5      | Reached skill level 7 in Unarmed Combat
  3797 | D:5      | Found a white marble altar of Elyvilon.
  4369 | D:6      | Found a transporter.
  4390 | D:6      | Reached skill level 8 in Unarmed Combat
  4390 | D:6      | Reached XP level 8. HP: 35/51 MP: 8/8
  4491 | D:6      | Found a transporter.
  4520 | D:6      | Found a broken altar of Ashenzari.
  4652 | D:6      | Found a shimmering altar of Xom.
  4822 | D:6      | Reached skill level 9 in Unarmed Combat
  5508 | D:6      | Found a glowing golden altar of the Shining One.
  5600 | D:6      | Reached skill level 10 in Unarmed Combat
  5737 | D:7      | Reached XP level 9. HP: 57/57 MP: 9/9
  5756 | D:7      | Slain by an ice beast

Illustrated notes

Levels and vault maps discovered:
D:1:      denvon_arrival_planthouse, layout_basic
D:2:      layout_basic, basic_altar, minmay_misc_feat_enclosed,
          minmay_fractal_squares_gapless_5
D:3:      layout_loops_ring, mainiacjoe_overflow_paths, minitemple,
          lemuel_coloured_pillars_altar
D:4:      layout_gridville, kennysheep_big_empty_room, moated_statue,
          uniq_eustachio
D:5:      layout_basic, okawaru_gym_becter, lemuel_crystal_altar,
          mainiacjoe_overflow_cross_hatched, minmay_misc_feat_roman
D:6:      gammafunk_steamed_eel, layout_basic, amcnicky_altar_gilded,
          mainiacjoe_overflow_six_doors_small, nicolae_tso_carved_into_rock,
          chequers_serial_rivers_small_3
D:7:      layout_rooms, overflow_temple_1_default, lemuel_temple_firewalk_b,
          serial_undead, serial_undead_f, serial_undead_c, serial_undead_c,
          serial_undead_c, serial_shops, shop, minmay_hollow_rounded_squares

Skill      XL: |  1  2  3  4  5  6  7  8 |
---------------+-------------------------+-----
Unarmed Combat | 1 2 3 5 6 8 10 | 10.6
Fighting       | 2 3 |  3.6
Dodging        | |  2.3
Stealth        | |  1.3
Evocations     | |  3.2

Action                     |  1- 3 |  4- 6 |  7- 9 || total
---------------------------+-------+-------+-------++-------
  Melee: Unarmed           |    88 |    86 |   121 ||   295
         Constrict         |    31 |    19 |    22 ||    72
         Tentacles         |    25 |    13 |    27 ||    65
         Punch             |       |     1 |     3 ||     4
  Evoke: Wand              |       |     9 |    12 ||    21
    Use: Potion            |       |       |     2 ||     2
   Stab: Sleeping          |     8 |     5 |     3 ||    16
         Betrayed ally     |       |       |     1 ||     1
         Distracted        |       |       |     2 ||     2
 Armour: Skin              |    30 |    33 |    45 ||   108
  Dodge: Dodged            |    40 |    57 |    60 ||   157
